 Dungeon Crawl Stone Soup version 0.31-a0-845-g9abc20d24f (webtiles) character file.

Game seed: 3413016150931964617

3223 Ge0ff the Arsonist (level 9, 0/58 HPs)
             Began as an Octopode Cinder Acolyte on Oct 1, 2023.
             Was a High Priest of Ignis.
             Slain by an orc warrior
             ... wielding a +0 war axe
              (17 damage)
             ... on level 8 of the Dungeon.
             The game lasted 00:17:33 (11500 turns).

Ge0ff the Arsonist (Octopode Cinder Acolyte)       Turns: 11500, Time: 00:17:34

Health: 0/58       AC:  1    Str: 12 (13) XL:     9   Next: 98%
Magic:  14/19      EV: 12    Int: 23 (24) God:    Ignis [*****.]
Gold:   283        SH:  5    Dex:  7 (8)  Spells: 18/22 levels left

rFire   + . .        a - +9 whip "Umaud" {holy, rC+}
rCold   + . .        (no shield)
rNeg    . . .        (helmet restricted)
rPois   .            t - amulet of Tempters {Reflect Int+4 SH+5}
rElec   .            Y - ring of resist corrosion
rCorr   +            V - ring of flight
SInv    .            (no ring)
Will    .....        (no ring)
Stlth   +++          (no ring)
HPRegen 0.29/turn    (no ring)
MPRegen 0.16/turn    (no ring)
                     (no ring)

%: reflection
@: flying
A: almost no armour, amphibious, 8 rings, camouflage 1, gelatinous body 1,
(nimble swimmer 1), tentacles, deterioration 1
a: Renounce Religion, Fiery Armour, Foxfire Swarm, Rising Flame


You were on level 8 of the Dungeon.
You worshipped Ignis.
Ignis was extremely pleased with you.
You visited 1 branch of the dungeon, and saw 8 of its levels.

You collected 283 gold pieces.

Inventory:

Hand Weapons
 a - the +9 whip "Umaud" (weapon) {holy, rC+}
   (You found it on level 7 of the Dungeon)

   rC+:       It protects you from cold.
 H - a -1 spear of flaming
 I - a +1 whip of electrocution
 R - a +4 quarterstaff of chaos
Missiles
 g - a throwing net {=F}
 l - 13 boomerangs
 v - a curare-tipped dart {=F}
 J - 7 poisoned darts
 O - 6 atropa-tipped darts
Armour
 k - an orb of mayhem
 P - a +0 kite shield
Jewellery
 t - the amulet of Tempters (around mantle) {Reflect Int+4 SH+5}
   (You found it on level 4 of the Dungeon)

   [amulet of reflection]

   Reflect:   It reflects blocked missile attacks.
   Int+4:     It affects your intelligence (+4).
   SH+5:      It affects your SH (+5).
 N - a ring of ice
 V - a ring of flight (right tentacle)
 Y - a ring of resist corrosion (left tentacle)
Wands
 d - a wand of digging (14)
 j - a wand of acid (7)
 r - a wand of roots (11)
Scrolls
 e - a scroll of enchant weapon
 h - a scroll of enchant armour
 C - a scroll of poison
 F - 2 scrolls of fog
 K - a scroll of immolation {unknown}
 S - a scroll of brand weapon {unknown}
 T - 3 scrolls of teleportation
 U - a scroll of torment
Potions
 n - a potion of enlightenment {unknown}
 q - a potion of curing
 E - a potion of attraction {unknown}
 G - a potion of ambrosia {unknown}
 L - a potion of lignification
 M - 2 potions of might
 Q - a potion of magic {unknown}
 W - 4 potions of heal wounds {!q}
 X - 2 potions of haste {unknown}
 Z - a potion of brilliance {unknown}


   Skills:
 + Level 3.9 Fighting
 - Level 3.0 Polearms
 - Level 2.0 Dodging
 - Level 2.0 Stealth
 + Level 7.3 Spellcasting
 - Level 2.0 Translocations
 - Level 10.0 Fire Magic
 - Level 4.0 Evocations


You had 18 spell levels left.
You knew the following spells:

 Your Spells              Type           Power      Damage    Failure   Level
B - Blink                 Tloc           34%        N/A       4%          2
C - Scorch                Fire           100%       2d9       1%          2

Your spell library contained the following spells:

 Spells                   Type           Power      Damage    Failure   Level
 Lesser Beckoning         Tloc           34%        N/A       4%          2
 Necrotise                Necr           32%        1d5       8%          1
 Momentum Strike          Conj/Tloc      26%        3d8       8%          2
 Vampiric Draining        Necr           8%         2d6       22%         3
 Agony                    Necr           8%         N/A       91%         5


Dungeon Overview and Level Annotations

Branches:
Dungeon (8/15) Zot: 26537  Temple (0/1) D:6
   Lair: D:8-11

Altars:
Ashenzari
Elyvilon
Nemelex Xobeh
Qazlal
Ru
Trog
Xom

Annotations:
D:4 3 runed translucent doors, exclusion: kobold, DEFE's ghost, novice MeFi
D:5 1 runed translucent door, exclusion: player ghost, BURZUM666's ghost, novice AtHu


Innate Abilities, Weirdness & Mutations

You cannot wear most types of armour.
You are amphibious.
You can wear up to eight rings at the same time.
Your skin changes colour to match your surroundings (Stealth+).
Your rubbery body absorbs attacks. (AC +1, EV +1)
((You are camouflaged when in or above water. (Stealth+)))
You have tentacles for arms and can constrict up to eight enemies at once.
Your body sometimes deteriorates upon taking damage.


Message History

Found a chain mail.
Found a stone staircase leading down.
An orc warrior, an orc and 2 orc wizards come into view.
The orc warrior shouts!
You hear a shout! x2
An orc comes into view. It is wielding a +0 whip.
Casting: Scorch (safe; 1% risk of failure)
Confirm with . or Enter, or press ? or * to list all spells.
Flames lash the orc warrior but do no damage.
The orc wizard shouts!
Casting: Scorch (safe; 1% risk of failure)
Confirm with . or Enter, or press ? or * to list all spells.
Flames lash the orc warrior.
The orc warrior is moderately wounded.
The orc warrior's fire resistance burns away.
The orc shouts!
The orc warrior hits you with a +0 war axe!
The orc wizard shouts!
You whack the orc warrior! Your grab misses the orc warrior.
You squeeze the orc warrior, but do no damage.
The orc warrior is severely wounded.
You hear a shout!
The orc wizard points at you and mumbles some strange words.
The puff of flame misses you.
The orc warrior hits you with a +0 war axe!
Your body deteriorates!
You feel clumsy.
You hit the orc warrior but do no damage.
You grab the orc warrior. You squeeze the orc warrior.
The orc warrior is severely wounded.
You constrict the orc warrior, but do no damage.
The orc warrior hits you with a +0 war axe!
* * * LOW HITPOINT WARNING * * *
Your body deteriorates!
You feel dopey.
Casting: Scorch (safe; 1% risk of failure)
Confirm with . or Enter, or press ? or * to list all spells.
Flames lash the orc warrior but do no damage.
You constrict the orc warrior, but do no damage.
The orc wizard mumbles some strange words.
The orc wizard flickers and vanishes!
Deactivating autopickup; reactivate with Ctrl-A.
The orc warrior closely misses you.
Use which ability? (? or * to list) Activating: Foxfire Swarm
Press: ? - help, Dir - look around, f - activate Flames leap up around you!
You constrict the orc warrior, but do no damage.
The orc warrior is no longer more vulnerable to fire.
The foxfire hits the orc wizard.
The orc wizard is lightly wounded.
The orc warrior hits you with a +0 war axe!
You die...

..............oo
##..........oo.o...
##.........{.#
##..........o.#
#.............#
##.............#
##.....vvvvo....#
#......vvvvv....#
#......vv@ov...##
##.....##vvv...#
#.....###vv..##
#....## ##..##
#...## #### #...#
##..## #...# ###
#>.##
###......#####.


You could see an orc warrior (ally target), an orc wizard (ally target) and 2
orcs.

Vanquished Creatures
  A wyvern (D:7)
  Duvessa (D:5)
  3 ice beasts
  2 ogres
  3 centaurs
  3 phantoms
  2 kobold brigands
  3 bullfrogs
  A gnoll sergeant (D:6)
  3 scorpions
  A water moccasin skeleton (D:6)
  Dowan (D:5)
  6 killer bees (D:7)
  2 centaur zombies (D:6)
  4 hounds
  A centaur skeleton (D:6)
  3 orc priests
  2 sleepcaps
  A jelly (D:6)
  Crazy Yiuf (D:5)
  3 bullfrog skeletons (D:6)
  2 iguanas
  Natasha (thrice) (D:3)
  8 orc wizards
  2 killer bee zombies (D:6)
  5 adders
  5 gnolls
  2 shadow imps
  A white imp (D:6)
  An ufetubus (D:5)
  2 worms
  2 dart slugs
  37 orcs
  7 endoplasms
  13 goblins
  10 hobgoblins
  5 jackals
  5 quokkas
  2 training dummies (D:5)
  5 ball pythons
  6 bats
  2 frilled lizards
  18 kobolds
  3 rats
193 creatures vanquished.

Notes
Turn   | Place    | Note
-------+----------+-------------------------------------------
     0 | D:1      | Ge0ff the Octopode Cinder Acolyte began the quest for the
                  | Orb.
     0 | D:1      | Reached XP level 1. HP: 16/16 MP: 2/2
    98 | D:1      | Reached skill level 1 in Stealth
   156 | D:1      | Reached XP level 2. HP: 10/21 MP: 3/3
   159 | D:1      | Learned a level 2 spell: Scorch
   685 | D:1      | Reached XP level 3. HP: 26/26 MP: 0/5
  1521 | D:2      | Reached XP level 4. HP: 19/31 MP: 0/7
  1780 | D:3      | Noticed Natasha
  1783 | D:3      | Found a sacrificial altar of Ru.
  1783 | D:3      | Found a broken altar of Ashenzari.
  1788 | D:3      | Killed Natasha
  1789 | D:3      | Reached skill level 4 in Fire Magic
  1789 | D:3      | Found a white marble altar of Elyvilon.
  1975 | D:3      | Reached XP level 5. HP: 36/36 MP: 3/9
  2195 | D:3      | Noticed Natasha
  2200 | D:3      | Killed Natasha
  2432 | D:3      | Found a sparkling altar of Nemelex Xobeh.
  2528 | D:3      | Noticed Natasha
  2532 | D:3      | Killed Natasha
  3340 | D:4      | Reached XP level 6. HP: 42/42 MP: 6/11
  3451 | D:4      | Reached skill level 5 in Fire Magic
  3560 | D:4      | Found a runed translucent gate.
  3560 | D:4      | Noticed DEFE's ghost (novice MeFi)
  3563 | D:4      | Found a stormy altar of Qazlal.
  3831 | D:4      | Identified the amulet of Tempters {Reflect Int+4 SH+5}
  3850 | D:4      | Found a runed translucent gate.
  3850 | D:4      | Found a runed translucent gate.
  4108 | D:4      | Found a bloodstained altar of Trog.
  4175 | D:4      | Reached XP level 7. HP: 46/46 MP: 5/13
  4705 | D:5      | Entered Level 5 of the Dungeon
  4730 | D:5      | Reached skill level 6 in Fire Magic
  4730 | D:5      | Reached skill level 1 in Evocations
  4733 | D:5      | Found a shimmering altar of Xom.
  5010 | D:5      | Reached skill level 5 in Spellcasting
  5135 | D:5      | Noticed Duvessa
  5135 | D:5      | Noticed Dowan
  5138 | D:5      | Gained mutation: Your body sometimes deteriorates upon
                  | taking damage. [potion of mutation]
  5138 | D:5      | Gained mutation: You are agile. (Dex +4, Str/Int -1)
                  | [potion of mutation]
  5138 | D:5      | Lost mutation: You are agile. (Dex +4, Str/Int -1) [potion
                  | of mutation]
  5146 | D:5      | Killed Duvessa
  5147 | D:5      | Reached XP level 8. HP: 52/52 MP: 15/15
  5148 | D:5      | Killed Dowan
  5256 | D:5      | Reached skill level 7 in Fire Magic
  5571 | D:5      | Found a runed translucent door.
  5571 | D:5      | Noticed BURZUM666's ghost (novice AtHu)
  6448 | D:5      | Found a runed translucent door.
  6449 | D:5      | Noticed Crazy Yiuf
  6455 | D:5      | Killed Crazy Yiuf
  6456 | D:5      | Reached skill level 8 in Fire Magic
  6914 | D:6      | Reached skill level 1 in Dodging
  7203 | D:6      | Reached skill level 9 in Fire Magic
  7327 | D:6      | Reached XP level 9. HP: 51/56 MP: 10/17
  7330 | D:6      | Learned a level 2 spell: Blink
  7510 | D:6      | Found a staircase to the Ecumenical Temple.
  7552 | D:6      | Reached skill level 1 in Translocations
  8260 | D:6      | Found a staircase to the Ecumenical Temple.
  9489 | D:7      | Reached skill level 10 in Fire Magic
 10497 | D:7      | Identified the +9 whip "Umaud" {holy, rC+}
 11500 | D:8      | Slain by an orc warrior

Illustrated notes

Levels and vault maps discovered:
D:1:      minmay_arrival_five_plusses, layout_loops_ring,
          minmay_stone_trees_small, minivault_4, kennysheep_pointless_box
D:2:      layout_basic
D:3:      layout_basic, grunt_temple_overflow_open, kennysheep_generic_room_4,
          uniq_natasha
D:4:      layout_gridville, mainiacjoe_overflow_alcove_4,
          nicolae_qazlal_scattered_showers, gammafunk_ghost_nasty_kobolds
D:5:      dreamdust_elfheim, layout_basic, mainiacjoe_overflow_surrounded_room,
          gammafunk_ghost_grave, uniq_crazy_yiuf_cottage
D:6:      layout_loops_ring, minmay_temple_entry_hall, serial_undead,
          serial_undead_e, serial_undead_a, serial_undead_d, serial_undead_b
D:7:      corexii_shack_village, layout_basic
D:8:      layout_cave_pods, uniq_maurice

Skill      XL: |  1  2  3  4  5  6  7  8  9 |
---------------+----------------------------+-----
Stealth        | 1 2 |  2.0
Spellcasting   | 2 3 4 5 7 |  7.3
Fire Magic     | 4 5 6 9 10 | 10.0
Evocations     | 3 4 |  4.0
Dodging        | 1 2 |  2.0
Translocations | 2 |  2.0
Fighting       | |  3.9
Polearms       | |  3.0

Action                     |  1- 3 |  4- 6 |  7- 9 || total
---------------------------+-------+-------+-------++-------
  Melee: Spear             |    54 |     5 |    50 ||   109
         Constrict         |    10 |     1 |    10 ||    21
         Tentacles         |     6 |       |    17 ||    23
         Punch             |     1 |     1 |     1 ||     3
         Unarmed           |       |       |    11 ||    11
         Whip              |       |       |     9 ||     9
   Cast: Scorch            |    20 |    58 |   198 ||   276
 Invoke: Foxfire Swarm     |       |       |     1 ||     1
         Fiery Armour      |       |       |     1 ||     1
  Evoke: Wand              |       |       |     1 ||     1
    Use: Scroll            |       |       |     9 ||     9
         Potion            |       |       |     4 ||     4
   Stab: Sleeping          |       |       |     1 ||     1
 Armour: Skin              |    23 |    17 |   117 ||   157
  Dodge: Dodged            |    27 |     8 |    99 ||   134
  Block: Other             |       |       |    31 ||    31
         Reflection        |       |       |     2 ||     2

Table legend: (Time is in decaauts)
 A = Elapsed time spent in this place.
 B = Non-inter-level travel time spent in this place.
 C = Inter-level travel time spent in this place.
 D = Time resting spent in this place.
 E = Time spent auto-exploring this place.
 F = Levels seen in this place.
 G = Mean time per level.
                   A        B        C        D        E       F      G
               +--------+--------+--------+--------+--------+-----+--------+
         Total |  11516 |  11043 |    473 |    935 |   8732 |   8 | 1439.5 |
       Dungeon |  11516 |  11043 |    473 |    935 |   8732 |   8 | 1439.5 |
               +--------+--------+--------+--------+--------+-----+--------+

Top non-repeatable levels by time:
     D:6: 2405 daAuts
     D:7: 1985 daAuts
     D:5: 1903 daAuts
     D:3: 1494 daAuts
     D:4: 1463 daAuts
     D:1: 1030 daAuts
     D:2: 771 daAuts
     D:8: 461 daAuts
